 Dungeon Crawl Stone Soup version 0.30-a0-329-g85436e0a43 (webtiles) character file.

Game seed: 14285669766429741340

177 p00ps00p the Trooper (level 5, -4/47 HPs)
             Began as a Hill Orc Fighter on Oct 29, 2022.
             Slain by a gnoll
             ... wielding a +0 spear
              (6 damage)
             ... on level 3 of the Dungeon.
             The game lasted 00:05:14 (2035 turns).

p00ps00p the Trooper (Hill Orc Fighter)             Turns: 2035, Time: 00:05:15

Health: -4/47      AC:  9    Str: 19    XL:     5   Next: 57%
Magic:  5/5        EV:  7    Int:  8    God:
Gold:   138        SH:  5    Dex: 12    Spells: 4/4 levels left

rFire   . . .      SeeInvis .    a - +0 war axe
rCold   . . .      Faith    .    c - +0 buckler
rNeg    . . .      Spirit   .    j - +0 chain mail
rPois   .          Reflect  .    (no helmet)
rElec   .          Harm     .    (no cloak)
rCorr   .          Rampage  .    (no gloves)
Will    .....                    (no boots)
Stlth   ..........               (no amulet)
HPRegen 0.27/turn                (no ring)
MPRegen 0.09/turn                (no ring)

@: no status effects
A: no striking features
a: no special abilities


You were on level 3 of the Dungeon.
You visited 1 branch of the dungeon, and saw 3 of its levels.

You collected 138 gold pieces.

Inventory:

Hand Weapons
 a - a +0 war axe (weapon)
Armour
 b - a +0 scale mail
 c - a +0 buckler (worn)
 j - a +0 chain mail (worn)
 o - a +0 pair of gloves
Jewellery
 f - a ring of ice
Scrolls
 h - a scroll of teleportation {unknown}
 k - a scroll of amnesia {unknown}
 l - a scroll of enchant armour {unknown}
 p - a scroll of immolation {unknown}
 q - 2 scrolls of blinking {unknown}
 r - 2 scrolls of identify {unknown}
Potions
 d - 2 potions of might
 e - a potion of cancellation {unknown}
 g - a potion of brilliance {unknown}
 i - 4 potions of heal wounds {unknown}
 m - a potion of lignification {unknown}
 n - a potion of berserk rage


   Skills:
 + Level 4.8 Fighting
 + Level 4.3 Axes
 + Level 4.3 Armour
 + Level 4.3 Shields


You had 4 spell levels left.
You didn't know any spells.
Your spell library was empty.

Dungeon Overview and Level Annotations

Branches:
Dungeon (3/15)

Altars:
Ashenzari
Elyvilon


Message History

The gnoll hits you but does no damage.
The quokka bites you but does no damage.
You barely miss the quokka.
The quokka is heavily wounded.
You closely miss the gnoll. The gnoll hits you but does no damage.
The quokka bites you. The gnoll hits you with a +0 spear.
You slash the quokka!
You kill the quokka!
You hit the gnoll but do no damage. The gnoll hits you but does no damage.
The gnoll hits you from afar with a +0 spear.
* * * LOW HITPOINT WARNING * * *
Things that are here:
a +0 club; 15 gold pieces The gnoll hits you with a +0 spear.
* * * LOW HITPOINT WARNING * * *
Things that are here:
a +0 spear; 16 gold pieces; a gnoll corpse You hit the bat.
You kill the bat!
You closely miss the gnoll. The gnoll hits you but does no damage.
The gnoll hits you with a +0 spear.
* * * LOW HITPOINT WARNING * * *
You see here a bat corpse.
You barely miss the gnoll.
The gnoll is moderately wounded.
You block the gnoll's attack.
You closely miss the gnoll.
The gnoll is moderately wounded.
The gnoll hits you with a +0 spear.
* * * LOW HITPOINT WARNING * * *
The gnoll barely misses you.
You hit the gnoll.
The gnoll is severely wounded.
You block the gnoll's attack.
You barely miss the gnoll.
The gnoll is severely wounded.
The gnoll hits you with a +0 spear.
* * * LOW HITPOINT WARNING * * *
The gnoll hits you with a +0 spear.
You die...

## P. .. ## .. . .# ♣.
#. .# .♣♣ . #.####.#
..# ...#....#.# #.#
..........### ♣.♣
#g@....##### ♣♣♣.♣
##)).......##♣♣PP.P
#...#).....♣♣PP...
##...#####.#♣♣P....
#.....)†.........⌠.
#.....#..#####.#♣♣P....
###.###..# #..♣♣PP...
..< ....# ####♣♣PP.P
### ###.## #♣♣♣♣.♣


You could see a gnoll.

Vanquished Creatures
  An orc wizard (D:3)
  Natasha (D:3)
  2 gnolls (D:3)
  3 adders (D:3)
  A worm (D:2)
  5 dart slugs
  3 orcs (D:3)
  4 ball pythons
  6 bats
  6 endoplasms
  2 giant cockroaches
  11 hobgoblins
  A quokka (D:3)
  2 frilled lizards
  8 goblins
  3 kobolds
  6 rats
65 creatures vanquished.

Notes
Turn   | Place    | Note
-------+----------+-------------------------------------------
     0 | D:1      | p00ps00p the Hill Orc Fighter began the quest for the Orb.
     0 | D:1      | Reached XP level 1. HP: 19/19 MP: 1/1
    41 | D:1      | Reached XP level 2. HP: 27/27 MP: 2/2
   464 | D:1      | Reached XP level 3. HP: 33/33 MP: 3/3
  1346 | D:2      | Reached XP level 4. HP: 37/40 MP: 4/4
  1521 | D:3      | Found a broken altar of Ashenzari.
  1521 | D:3      | Found a white marble altar of Elyvilon.
  1923 | D:3      | Reached XP level 5. HP: 47/47 MP: 5/5
  1932 | D:3      | Noticed Natasha
  1944 | D:3      | Killed Natasha
  2035 | D:3      | HP: 2/47 [gnoll/+0 spear (4)]
  2035 | D:3      | Slain by a gnoll

Illustrated notes

Levels and vault maps discovered:
D:1:      eino_arrival_tree_alley, layout_basic, solitary_fountain,
          minmay_tromino_v4_b
D:2:      minmay_angry_zag, layout_loops_ring, grunt_ministairs_5,
          minmay_misc_feat_cross
D:3:      layout_loops_ring, nicolae_overflow_two_pavilions, serial_forest,
          infiniplex_forest_lined_2, infiniplex_forest_lined_2,
          infiniplex_forest_fountain, infiniplex_forest_straight_4,
          infiniplex_forest_clump_diagonal, infiniplex_forest_end_1,
          infiniplex_forest_zigzag_1, minmay_three_crescents, uniq_natasha

Skill      XL: |  1  2  3  4 |
---------------+-------------+-----
Axes           | 3 4 |  4.3
Fighting       | 4 |  4.8
Armour         | 4 |  4.3
Shields        | 4 |  4.3

Action                   |  1- 3 |  4- 6 || total
-------------------------+-------+-------++-------
Melee: War axe           |   119 |    85 ||   204
Armor: Scale mail        |    21 |       ||    21
       Chain mail        |    55 |    58 ||   113
Dodge: Dodged            |    43 |    29 ||    72
Block: Buckler           |    24 |    26 ||    50

Table legend: (Time is in decaauts)
 A = Elapsed time spent in this place.
 B = Non-inter-level travel time spent in this place.
 C = Inter-level travel time spent in this place.
 D = Time resting spent in this place.
 E = Time spent auto-exploring this place.
 F = Levels seen in this place.
 G = Mean time per level.
                   A        B        C        D        E       F      G
               +--------+--------+--------+--------+--------+-----+--------+
         Total |   2110 |   2044 |     66 |      0 |   1311 |   3 |  703.3 |
       Dungeon |   2110 |   2044 |     66 |      0 |   1311 |   3 |  703.3 |
               +--------+--------+--------+--------+--------+-----+--------+

Top non-repeatable levels by time:
     D:1: 913 daAuts
     D:2: 628 daAuts
     D:3: 568 daAuts
